Map: Pillars of Gold LE

Players

Stats - Winner!

  • Race: Protoss Protoss
  • Spawn Location: 7:00

ShoWTimE

  • Race: Protoss Protoss
  • Spawn Location: 1:00

Event: StayAtHomestory Cup #2

VOD

Have the link to the VOD?

Description

Time

  • Played on: June 13, 2020, 10:13 a.m.
  • Length: 15:51

All games in this series

Show
View Real Time Build Order
Export as new Build Order

Stats Protoss - Winner!

Build Orders: Phoenix Opening, Blink Stalkers, Zealot Archon 

Get SALT Encoding   

  12  0:00  Probe  
  13  0:12  Probe  
  14  0:18  Pylon  
  14  0:24  Probe  
  15  0:32  Probe  
  15  0:38  Gateway  
  15  0:40  Probe  
  16  0:48  Assimilator  
  17  0:51  Probe  
  17  0:56  Assimilator  
  18  1:00  Probe  
  19  1:08  Probe  
  19  1:09  Gateway  
  19  1:17  Probe  
  21  1:26  Cybernetics Core  
  21  1:30  Probe  
  22  1:36  Pylon  
  22  1:42  Probe  
  23  1:54  Probe  
  24  2:02  Adept x2  
  24  2:03  Warp Gate  
  28  2:13  Pylon  
  28  2:35  Nexus  
  29  2:37  Probe  
  29  2:41  Sentry  
  29  2:43  Sentry  
  33  2:49  Probe  
  34  2:57  Twilight Council  
  33  3:01  Probe  
  34  3:11  Sentry  
  36  3:13  Probe  
  36  3:15  Pylon  
  36  3:17  Phoenix  
  37  3:24  Probe  
  38  3:27  Blink  
  38  3:30  Forge  
  38  3:32  Probe  
  38  3:40  Probe  
  39  3:44  Probe  
  41  3:48  Probe  
  41  3:52  Probe  
  41  3:55  Phoenix  
  42  3:56  Probe  
  42  4:02  Probe  
  44  4:04  Stalker  
  44  4:06  Stalker  
  49  4:11  Shield Battery  
  49  4:14  Probe x2  
  51  4:17  Protoss Ground Weapons Level 1  
  51  4:28  Stalker  
  51  4:30  Stalker  
  55  4:32  Probe x2  
  55  4:37  Assimilator  
  57  4:39  Pylon  
  57  4:44  Probe x2  
  59  4:49  Assimilator  
  59  4:56  Probe x2  
  59  4:59  Stalker  
  63  5:00  Stalker  
  65  5:18  Gateway x2  
  65  5:20  Gateway  
  65  5:23  Gateway  
  65  5:25  Pylon x2  
  66  5:28  Probe x2  
  67  5:38  Stalker  
  69  5:49  Stalker  
  71  5:56  Nexus, Pylon  
  71  6:00  Templar Archives  
  71  6:06  Protoss Ground Weapons Level 2  
  71  6:13  Gateway  
  71  6:14  Gateway  
  71  6:27  Charge  
  71  6:29  Probe x2  
  73  6:41  Probe x2  
  73  6:45  High Templar x4, Zealot x2  
  87  6:51  Archon x2  
  87  6:53  Probe x2  
  87  6:58  Robotics Facility  
  87  7:00  Pylon  
  87  7:01  Pylon  
  87  7:02  Pylon  
  87  7:05  Probe x2  
  87  7:13  Probe  
  88  7:17  Probe, Zealot x2  
  88  7:20  Probe, Shield Battery  
  88  7:21  High Templar x2  
  98  7:25  Archon, Probe  
  98  7:28  Shield Battery  
  98  7:29  Shield Battery  
  99  7:34  Zealot x3  
  103  7:38  Observer  
  103  7:43  Zealot x3  
  107  7:49  Probe x3  
  110  8:03  High Templar x2  
  110  8:04  Zealot x5  
  110  8:05  Zealot  
  126  8:09  Archon, Pylon  
  126  8:14  Warp Prism  
  126  8:18  Assimilator  
  126  8:19  Assimilator  
  128  8:25  Probe x3  
  128  8:26  Protoss Shields Level 1  
  131  8:30  High Templar x2  
  135  8:35  Archon  
  135  8:38  Zealot x3  
  141  8:43  Pylon  
  141  8:46  Pylon  
  141  8:55  Pylon  
  141  9:04  High Templar x2  
  141  9:05  Zealot x6  
  141  9:09  Archon  
  157  9:23  Photon Cannon, Pylon  
  157  9:25  Pylon  
  157  9:26  Zealot x4  
  157  9:28  Pylon  
  157  9:30  Zealot  
  165  9:36  Zealot x2  
  165  9:37  Zealot  
  153  9:50  Protoss Ground Weapons Level 3  
  149  9:53  High Templar x4  
  149  9:54  Zealot  
  149  9:58  High Templar x2, Zealot  
  149  9:59  Archon x2  
  165  10:03  Archon, Pylon  
  165  10:17  Gateway  
  165  10:18  Gateway  
  165  10:19  Zealot x2  
  169  10:25  Zealot  
  169  10:26  Zealot x3  
  177  10:34  High Templar x2  
  181  10:38  Archon  
  179  10:43  Zealot x2  
  179  10:44  Shield Battery  
  179  10:45  Photon Cannon  
  179  10:48  High Templar x2, Zealot x2  
  191  10:53  Archon  
  187  11:00  Robotics Bay  
  187  11:02  Robotics Facility, Photon Cannon  
  187  11:11  Zealot x2  
  191  11:20  Nexus  
  191  11:21  Pylon  
  191  11:38  Disruptor  
  191  11:39  Disruptor  
  191  11:50  Gravitic Drive  
  189  12:12  Disruptor x2  
  189  12:14  Dark Shrine  
  189  12:15  Photon Cannon  
  192  12:16  Shield Battery  
  187  12:40  Disruptor  
  187  12:41  Disruptor  
  175  12:49  Zealot  
  175  12:50  Zealot x3  
  175  12:51  Zealot  
  171  12:52  Stalker x5  
  171  12:53  Probe  
  171  12:54  Probe x2  
  171  12:55  Probe  
  169  13:06  Probe x3  
  169  13:12  Stalker x5  
  182  13:15  Disruptor x2  
  188  13:26  Zealot x5  
  188  13:44  Observer  
  178  13:49  Dark Templar x4, Zealot x2  
  178  13:50  Zealot x4  
  178  13:52  Observer  
  154  14:23  Stalker x5  
  154  14:24  Stalker x4  
  144  14:39  Nexus  
  144  14:41  Pylon  
  143  14:52  Dark Templar  
  78  15:35  Probe  
  67  15:37  Pylon, Assimilator  
  67  15:38  Assimilator  
  67  15:39  Pylon  
  67  15:41  Pylon  
Show
View Real Time Build Order
Export as new Build Order

ShoWTimE Protoss 

Build Orders: 1 Gate Expand, Oracle Opening, Phoenix Opening, Zealot Archon 

Get SALT Encoding   

  12  0:00  Probe  
  13  0:12  Probe  
  14  0:19  Pylon  
  14  0:24  Probe  
  15  0:30  Assimilator  
  15  0:35  Probe  
  16  0:44  Probe  
  16  0:45  Gateway  
  17  0:54  Probe  
  18  1:06  Probe  
  19  1:18  Probe  
  20  1:26  Nexus  
  20  1:35  Cybernetics Core  
  20  1:39  Probe  
  21  1:44  Assimilator  
  21  1:51  Probe  
  22  1:55  Pylon  
  22  2:03  Probe  
  22  2:05  Sentry  
  23  2:12  Warp Gate  
  23  2:15  Probe  
  26  2:21  Stalker  
  26  2:27  Probe  
  27  2:32  Shield Battery  
  29  2:39  Probe x2  
  29  2:42  Phoenix  
  31  2:50  Stalker  
  31  2:51  Probe x2  
  31  2:58  Shield Battery  
  35  3:05  Probe, Stargate  
  35  3:08  Probe  
  37  3:13  Probe  
  37  3:16  Probe  
  38  3:21  Probe  
  38  3:24  Probe  
  38  3:25  Pylon  
  39  3:33  Probe  
  41  3:36  Probe  
  41  3:39  Oracle  
  41  3:41  Pylon  
  42  3:45  Probe  
  43  3:48  Probe  
  43  3:54  Forge  
  47  3:57  Probe  
  47  4:01  Sentry, Probe  
  51  4:06  Robotics Facility, Assimilator  
  51  4:09  Probe  
  52  4:10  Assimilator  
  52  4:13  Probe  
  53  4:17  Protoss Ground Weapons Level 1  
  53  4:21  Probe  
  54  4:25  Probe  
  54  4:31  Pylon  
  55  4:33  Probe  
  55  4:37  Probe  
  57  4:39  Gateway  
  57  4:43  Gateway  
  57  4:45  Gateway  
  57  4:48  Twilight Council  
  57  4:52  Observer  
  58  5:04  Gateway  
  58  5:05  Immortal  
  58  5:07  Gateway  
  62  5:24  Pylon  
  62  5:25  Charge  
  62  5:31  Gateway  
  62  5:34  Gateway, Templar Archives  
  62  5:36  Immortal  
  62  5:47  Pylon  
  66  5:54  Stalker  
  68  5:57  Protoss Ground Weapons Level 2  
  68  5:58  Pylon  
  68  6:00  Nexus  
  68  6:13  Zealot x2  
  68  6:14  Zealot x3  
  76  6:23  Stalker, Pylon  
  77  6:30  Shield Battery  
  77  6:31  Warp Prism  
  79  6:44  High Templar, Pylon  
  79  6:45  High Templar  
  83  6:50  Archon, Shield Battery  
  83  6:53  High Templar x2  
  87  6:57  Archon  
  87  6:58  Zealot x2  
  87  7:00  Zealot  
  93  7:07  Zealot  
  95  7:13  Probe x3  
  98  7:20  Zealot x4  
  106  7:23  Warp Prism  
  106  7:25  Probe  
  107  7:30  Pylon  
  107  7:35  Probe  
  107  7:36  Probe  
  109  7:40  High Templar x2  
  113  7:44  Archon  
  113  7:48  Pylon  
  113  7:57  Probe x2  
  115  8:00  High Templar x2, Zealot  
  115  8:01  Zealot x3  
  115  8:03  Protoss Shields Level 1  
  115  8:05  Archon  
  124  8:07  Pylon  
  124  8:08  Phoenix  
  124  8:09  Observer  
  125  8:22  Zealot x6  
  137  8:39  Pylon  
  137  8:43  Pylon  
  137  8:44  Pylon  
  137  8:55  Assimilator  
  137  8:59  Assimilator, High Templar x2, Zealot x6  
  153  9:03  Archon, Pylon  
  153  9:26  Zealot x6  
  165  9:32  Zealot x2  
  153  9:53  High Templar x6  
  153  9:54  Zealot x2  
  153  9:57  Archon x3, Pylon  
  153  9:58  Protoss Ground Weapons Level 3, Pylon  
  169  10:01  Probe x2  
  169  10:02  Probe  
  169  10:04  Pylon x2  
  172  10:14  Zealot x2  
  172  10:18  Pylon  
  174  10:27  Robotics Bay  
  170  10:29  Zealot x4  
  170  10:30  Robotics Facility  
  170  10:35  Probe x3  
  181  10:50  Photon Cannon  
  181  10:51  Photon Cannon  
  181  10:52  Photon Cannon  
  181  11:00  Shield Battery  
  181  11:01  High Templar x2  
  183  11:04  Disruptor  
  183  11:06  Archon  
  183  11:09  Disruptor  
  183  11:21  Zealot x2  
  183  11:23  Nexus  
  183  11:24  Shield Battery  
  190  11:25  Pylon  
  190  11:28  High Templar x2  
  190  11:32  Archon  
  191  11:45  Nexus  
  191  11:46  Pylon  
  191  11:49  Disruptor  
  191  11:50  Stalker x2  
  191  11:53  Photon Cannon  
  198  12:01  Pylon  
  198  12:02  Photon Cannon  
  198  12:03  Phoenix  
  198  12:42  Zealot x2  
  200  12:49  Disruptor  
  190  12:52  Probe x3  
  190  12:57  Zealot x4  
  200  12:59  Disruptor  
  200  13:04  Probe  
  194  13:08  Phoenix  
  190  13:21  Zealot x5  
  195  13:27  Pylon  
  195  13:30  Probe x3  
  195  13:32  Probe  
  199  13:40  Disruptor  
  199  13:44  Zealot x3  
  199  13:45  Zealot  
  188  13:55  High Templar x2  
  189  13:56  High Templar x2  
  187  14:03  Archon x2  
  127  14:19  Nexus  
  104  15:19  Observer  
Tags
 
Add a new tag
Caveats
  • Supply blocks, unpowered buildings, or Contaminate may cause inaccurate times.
  • Supply counts are checked every 10 seconds.